Map: Catallena LE (Void)

Players

MethodMan

  • Race: Terran Terran
  • League: Platinum
  • Spawn Location: 9:00

Juxtapose - Winner!

  • Race: Protoss Protoss
  • League: Gold
  • Spawn Location: 12:00

VOD

https://youtu.be/l1duuvkGPYQ

Description

I'm pleased with how I am regularly defeating Platinum 3 opponents, and I do think it realistic that in time, I'll make it into this league as well.

I'm also happy with how I both teched and expanded in this particular match.

Time

  • Played on: Sept. 21, 2017, 6:49 p.m.
  • Length: 10:52
Show
View Real Time Build Order
Export as new Build Order

MethodMan Terran 

Build Orders: Bio Hellbat 

Get SALT Encoding   

  12  0:01  SCV  
  13  0:13  SCV  
  14  0:23  Supply Depot  
  14  0:25  SCV  
  15  0:45  SCV, Barracks  
  16  0:56  Refinery  
  17  0:57  SCV  
  17  1:09  SCV  
  18  1:26  SCV  
  19  1:36  Marine  
  19  1:39  Supply Depot  
  20  1:42  Orbital Command  
  20  1:58  Factory  
  20  1:59  Marine  
  20  2:18  SCV  
  20  2:19  Command Center  
  21  2:28  Barracks Reactor  
  21  2:36  SCV  
  22  2:39  Refinery  
  22  2:48  SCV  
  23  2:52  Armory  
  23  3:01  SCV  
  24  3:13  SCV  
  25  3:27  Hellion x2  
  25  3:30  Barracks Tech Lab  
  25  3:32  Orbital Command  
  29  3:34  SCV  
  30  3:46  SCV  
  30  3:48  Terran Vehicle Weapons Level 1  
  33  3:55  Marauder  
  33  3:57  Factory  
  33  3:58  SCV x2  
  35  4:09  Hellion x2  
  39  4:10  SCV x2  
  39  4:15  Supply Depot  
  41  4:19  Marauder  
  39  4:27  Engineering Bay, SCV  
  39  4:30  SCV  
  35  4:47  SCV  
  35  4:48  SCV  
  37  4:54  Marine  
  37  4:57  Factory Tech Lab  
  37  4:59  SCV  
  31  5:10  Missile Turret  
  31  5:11  SCV  
  31  5:12  SCV  
  33  5:22  Missile Turret  
  33  5:23  SCV  
  34  5:30  Infernal Pre-Igniter  
  36  5:35  Marauder  
  36  5:40  Starport  
  36  5:52  Barracks  
  36  5:55  Hellion  
  36  5:56  Hellbat  
  40  5:59  SCV  
  40  6:01  SCV  
  42  6:09  Stimpack  
  42  6:16  Thor  
  48  6:20  Starport Reactor  
  48  6:35  Hellbat x2  
  48  6:38  SCV  
  53  6:43  SCV  
  54  6:48  Barracks Reactor  
  54  6:50  Supply Depot  
  54  7:09  Terran Vehicle And Ship Armor Level 1  
  54  7:11  Command Center  
  54  7:12  Hellbat x2, Marauder, SCV x2  
  62  7:16  Supply Depot  
  62  7:37  SCV x2, Thor  
  70  7:58  Supply Depot  
  70  8:10  Concussive Shells  
  70  8:17  Refinery  
  70  8:19  Marauder, SCV x2, Refinery, Viking, Medivac  
  78  8:20  Supply Depot  
  78  8:22  Marine x2  
  78  8:23  Hellbat x2  
  84  8:29  Orbital Command  
  84  8:31  SCV x2  
  84  8:32  Missile Turret  
  84  8:33  Supply Depot  
  86  8:36  Thor  
  86  8:40  Marine  
  93  8:41  Marine  
  93  8:48  Hellbat x2  
  98  8:50  Marine  
  98  8:53  Medivac  
  101  8:56  SCV  
  101  8:58  SCV  
  101  8:59  Marauder, Marine  
  101  9:01  SCV  
  107  9:12  Hellbat  
  109  9:18  Supply Depot  
  109  9:21  Combat Shields  
  109  9:40  Hellbat, Marauder, Viking, Marine x2  
  65  10:00  Marine x2  
  65  10:01  Marine  
  66  10:08  Medivac  
  66  10:10  Viking  
  66  10:12  SCV  
  71  10:14  SCV  
  71  10:20  Marauder  
  74  10:26  SCV  
Show
View Real Time Build Order
Export as new Build Order

Juxtapose Protoss - Winner!

Build Orders: Oracle Opening 

Get SALT Encoding   

  12  0:01  Probe (Chrono Boost)  
  13  0:12  Probe (Chrono Boost)  
  14  0:20  Pylon  
  14  0:23  Probe (Chrono Boost)  
  15  0:39  Probe (Chrono Boost)  
  15  0:41  Gateway  
  16  0:51  Probe (Chrono Boost)  
  17  0:58  Assimilator  
  17  1:02  Probe (Chrono Boost)  
  17  1:04  Pylon  
  18  1:12  Probe (Chrono Boost)  
  18  1:16  Assimilator  
  19  1:23  Probe (Chrono Boost)  
  20  1:29  Zealot  
  22  1:33  Probe (Chrono Boost)  
  22  1:38  Cybernetics Core  
  23  1:44  Probe (Chrono Boost)  
  24  1:47  Pylon  
  24  2:07  Probe (Chrono Boost)  
  25  2:11  Pylon  
  24  2:27  Stargate  
  24  2:29  Adept  
  26  2:30  Warp Gate  
  26  2:36  Mothership Core (Chrono Boost)  
  28  3:09  Pylon  
  28  3:11  Oracle  
  31  3:23  Nexus  
  31  3:35  Adept  
  31  3:39  Pylon  
  33  3:43  Pylon  
  33  3:45  Probe (Chrono Boost)  
  34  3:50  Pylon  
  34  3:59  Probe (Chrono Boost)  
  35  4:06  Forge  
  36  4:10  Probe (Chrono Boost)  
  36  4:20  Probe (Chrono Boost)  
  37  4:31  Probe (Chrono Boost)  
  38  4:37  Probe (Chrono Boost)  
  39  4:41  Probe (Chrono Boost)  
  40  4:54  Twilight Council  
  40  4:58  Robotics Facility  
  40  5:03  Adept  
  42  5:10  Probe (Chrono Boost)  
  42  5:13  Assimilator  
  43  5:17  Assimilator  
  43  5:20  Probe (Chrono Boost)  
  44  5:30  Adept  
  44  5:33  Gateway  
  44  5:35  Gateway  
  46  5:38  Probe (Chrono Boost)  
  46  5:39  Probe (Chrono Boost)  
  48  5:48  Probe (Chrono Boost)  
  48  5:49  Probe (Chrono Boost)  
  50  5:52  Resonating Glaives (Chrono Boost)  
  50  6:03  Probe (Chrono Boost)  
  51  6:05  Probe (Chrono Boost)  
  51  6:07  Observer  
  53  6:13  Probe (Chrono Boost)  
  53  6:15  Probe (Chrono Boost)  
  55  6:24  Probe (Chrono Boost)  
  56  6:26  Probe (Chrono Boost)  
  56  6:27  Warp Prism  
  59  6:39  Probe (Chrono Boost)  
  60  6:45  Robotics Bay  
  60  6:49  Probe (Chrono Boost), Stalker x3  
  67  6:58  Immortal  
  67  6:59  Probe (Chrono Boost)  
  72  7:19  Protoss Ground Weapons Level 1  
  72  7:29  Gateway  
  72  7:31  Pylon, Colossus  
  72  7:36  Extended Thermal Lance (Chrono Boost)  
  72  7:37  Gateway  
  78  8:00  Stalker x3  
  84  8:05  Blink (Chrono Boost)  
  84  8:06  Nexus  
  84  8:17  Colossus, Pylon  
  84  8:20  Pylon  
  84  8:23  Pylon  
  90  8:35  Robotics Facility  
  90  8:37  Gateway  
  90  8:43  Sentry x2  
  90  8:44  Sentry  
  90  8:47  Adept  
  90  8:48  Adept  
  100  9:04  Colossus  
  100  9:08  Stalker  
  100  9:09  Stalker x2  
  106  9:10  Stalker  
  114  9:27  Probe  
  115  9:38  Probe  
  113  9:48  Probe  
  102  9:54  Adept x3  
  102  9:55  Adept x2  
  102  9:59  Colossus (Chrono Boost)  
  102  10:03  Warp Prism (Chrono Boost)  
  110  10:18  Adept  
  110  10:21  Zealot x5  
  110  10:39  Probe  
  110  10:43  Assimilator  
  110  10:46  Assimilator  
Tags
 
Add a new tag
Caveats
  • Supply blocks, unpowered buildings, or Contaminate may cause inaccurate times.
  • Supply counts are checked every 10 seconds.